 Dungeon Crawl Stone Soup version 0.16-a0-3976-g683f154 (webtiles) character file.

212 timbw the Caller (level 5, 21/21 HPs)
             Began as a Felid Summoner on Feb 11, 2015.
             Quit the game on level 6 of the Dungeon.
             The game lasted 00:12:09 (1895 turns).

timbw the Caller (Felid Summoner)                   Turns: 1895, Time: 00:12:09

Health: 21/21      AC:  2    Str:  4    XL:     5   Next: 58%
Magic:  26/26      EV: 18    Int: 19    God:
Gold:   112        SH:  0    Dex: 16    Spells: 4 memorised, 3 levels left
                                        Lives:  0   Deaths: 1

rFire  . . .     SeeInvis +     (weapon unavailable)
rCold  . . .     Clarity  .     (armour unavailable)
rNeg   . . .     SustAb   .     (shield unavailable)
rPois  .         Gourm    .     (helmet unavailable)
rElec  .         Spirit   .     (cloak unavailable)
rCorr  .         Warding  .     (gloves unavailable)
rMut   .         Stasis   .     (boots unavailable)
MR     .....                    (no amulet)
Stlth  +++.......               (no ring)
                                l - ring of magical power

@: quick, not resistant to hostile enchantments, fairly stealthy
A: paw claws, no armour, no weapons or thrown items, fangs 3, see invisible,
carnivore 3, speed 1, shaggy fur 2, slow metabolism 1, sharp paws
a: no special abilities


You were on level 6 of the Dungeon.
You were not hungry.

You visited 1 branch of the dungeon, and saw 6 of its levels.

You collected 172 gold pieces.
You spent 60 gold pieces at shops.

Inventory:

Jewellery
 l - a ring of magical power (left paw)
Magical devices
 k - a wand of fire (6)
 p - a wand of confusion (11)
Scrolls
 d - 2 scrolls of teleportation
 j - 2 scrolls of remove curse
 q - a scroll of identify
Potions
 a - a potion of ambrosia
 e - 3 potions of resistance {unknown}
 g - a potion of haste
 h - a potion of degeneration {unknown}
 i - 2 potions of cure mutation
 m - a potion of magic
 n - 2 potions of heal wounds
 o - 2 potions of curing
Books
 b - a book of Callings

   Spells                             Type                      Level
   a - Summon Small Mammal            Summoning                    1
   b - Call Imp                       Summoning                    2
   c - Call Canine Familiar           Summoning                    3
   d - Summon Guardian Golem          Hexes/Summoning              4
   e - Summon Lightning Spire         Summoning/Air                4
   f - Summon Ice Beast               Ice/Summoning                4
Comestibles
 c - a meat ration
 f - a beef jerky


   Skills:
 - Level 2.6 Dodging
 - Level 2.6 Stealth
 + Level 4.7 Spellcasting
 + Level 6.4 Summonings


You had 3 spell levels left.
You knew the following spells:

 Your Spells              Type           Power        Failure   Level  Hunger
a - Summon Small Mammal   Summ           ####         1%          1    None
b - Call Imp              Summ           ####....     1%          2    #......
c - Call Canine Familiar  Summ           ####....     2%          3    ###....
d - Summon Lightning Spi  Summ/Air       ###.....     38%         4    ####...


Dungeon Overview and Level Annotations

Branches:
Dungeon (6/15)
 Temple: D:4-7

Altars:
Cheibriados
Gozag
Trog
Vehumet
Zin

Shops:
D:6 *

Portals:
Ossuary: D:6

Annotations:
D:2 Robin
D:4 trelanon's ghost, average VSNe


Innate Abilities, Weirdness & Mutations

You cannot wear armour.
You are incapable of wielding weapons or throwing items.
You have razor-sharp teeth.
You have supernaturally acute eyesight.
You are carnivorous and can eat meat at any time.
You cover ground quickly.
You are covered in thick fur (AC +2).
You have a slow metabolism.
Your paws have sharp claws that are effective at stabbing.


Message History

Your crimson imp blinks!
Drink which item? (? for menu, Esc to quit)
You feel better.
The iguana hisses menacingly.
You hear the brisk hiss of a very distant avalanche of sand.
Your hound bites the orc warrior.
Your crimson imp hits the orc.
The orc dies!
Your crimson imp hits the orc priest but does no damage.
Your hound bites the orc priest.
Your hound bites the orc priest but does no damage.
The orc priest closely misses your hound.
Your crimson imp closely misses the orc priest.
Your hound barely misses the orc priest.
The orc warrior hits you from afar with a halberd!
Ouch! That really hurt!
You die...
You are now level 5!
You rejoin the land of the living...
Unknown command.
Are you sure you want to abandon this character and quit the game? (Confirm with "yes".)

#..........##'##.
#.#.##...
....##..........####B..#
###
.....##.#####....'B.....#
....##.#...##...####...#
... #.#._..#...# #..o#
..#$...#...# #..>#
#$$..'...# #......
#$...#...# #........
#._..#..@# #........#
#...##...# #.....o..#
########## #.....o..
#....... ...


There were no monsters in sight!

Vanquished Creatures
  A giant gecko (D:1)
  A ball python (D:1)
  A giant cockroach (D:3)
  A goblin (D:1)
  3 kobolds
  2 bats
  3 rats
12 creatures vanquished.

Vanquished Creatures (collateral kills)
  The ghost of Absynth the Poker, an experienced DsGl (D:6)
  A phantom (D:5)
  A jelly (D:3)
  A hound (D:5)
  A giant frog skeleton (D:4)
  A worker ant (D:4)
  4 gnolls (D:6)
  7 adders
  2 worms (D:2)
  2 giant geckos
  3 orcs
  A ball python (D:5)
  2 bats (D:2)
  2 giant cockroaches (D:3)
  4 hobgoblins
  4 jackals (D:2)
  4 kobolds
  2 giant newts (D:2)
  2 goblins (D:2)
  A jackal zombie (D:3)
  2 rats
48 creatures vanquished.

Vanquished Creatures (others)
  4 crimson imps
  8 hounds
  2 shadow imps (D:6)
  5 white imps
  2 bats
  2 quokkas
  4 rats
27 creatures vanquished.

Grand Total: 87 creatures vanquished

Notes
Turn   | Place    | Note
--------------------------------------------------------------
     0 | D:1      | timbw, the Felid Summoner, began the quest for the Orb.
     0 | D:1      | Reached XP level 1. HP: 7/7 MP: 4/4
   192 | D:1      | Reached XP level 2. HP: 11/11 MP: 3/5
   219 | D:1      | Learned a level 2 spell: Call Imp
   315 | D:2      | Noticed Robin
   604 | D:2      | Reached XP level 3. HP: 10/14 MP: 2/8
   609 | D:2      | Learned a level 3 spell: Call Canine Familiar
   780 | D:3      | Reached XP level 4. HP: 9/18 MP: 6/12
   786 | D:3      | Reached skill level 5 in Summonings
   868 | D:4      | Found a bloodstained altar of Trog.
  1095 | D:4      | Noticed trelanon's ghost (average VSNe)
  1178 | D:5      | Entered Level 5 of the Dungeon
  1331 | D:5      | Noticed a phantom
  1467 | D:5      | Killed a phantom
  1467 | D:5      | Reached XP level 5. HP: 8/21 MP: 3/15
  1531 | D:5      | Learned a level 4 spell: Summon Lightning Spire
  1552 | D:6      | Found Frimuram's General Store.
  1555 | D:6      | Bought a potion of heal wounds for 60 gold pieces
  1691 | D:6      | Noticed Absynth's ghost (experienced DsGl)
  1720 | D:6      | Killed Absynth's ghost
  1720 | D:6      | Reached skill level 6 in Summonings
  1720 | D:6      | Gained mutation: You are covered in thick fur (AC +2). [growing up]
  1720 | D:6      | Reached XP level 6. HP: 24/24 MP: 3/19
  1773 | D:6      | Found a radiant altar of Vehumet.
  1780 | D:6      | Found a snail-covered altar of Cheibriados.
  1826 | D:6      | Found a glowing silver altar of Zin.
  1828 | D:6      | Found an opulent altar of Gozag.
  1839 | D:6      | Noticed an orc warrior
  1844 | D:6      | Found a sand-covered staircase.
  1894 | D:6      | Slain by an orc warrior
  1895 | D:6      | Reached XP level 5. HP: -1/21 MP: 18/26
  1895 | D:6      | Quit the game

Action                   |  1- 3 |  4- 6 || total
-------------------------+-------+-------++-------
Melee: Unarmed           |    25 |    11 ||    36
 Cast: Summon Small Mamm |     9 |     6 ||    15
       Call Imp          |    17 |    28 ||    45
       Call Canine Famil |     1 |    17 ||    18
       Summon Lightning  |       |     2 ||     2
  Use: Potion            |     1 |     1 ||     2
       Scroll            |       |    10 ||    10
 Stab: Sleeping          |     5 |     1 ||     6
  Eat: Chunk             |     5 |       ||     5
       Meat ration       |       |     1 ||     1
